 Dungeon Crawl Stone Soup version 0.20-a0-629-gc37eb77 (webtiles) character file.

199 HarryHood the Skirmisher (level 5, -2/36 HPs)
             Began as a Gargoyle Fighter on Feb 11, 2017.
             Killed by divine providence
             ... invoked by an orc priest
              (13 damage)
             ... on level 4 of the Dungeon.
             The game lasted 00:07:45 (2226 turns).

HarryHood the Skirmisher (Gargoyle Fighter)         Turns: 2226, Time: 00:07:45

Health: -2/36      AC: 17    Str: 25    XL:     5   Next: 77%
Magic:  5/5        EV:  5    Int:  8    God:
Gold:   226        SH: 10    Dex: 15    Spells: 4/4 levels left

rFire    + . .     SeeInvis .   a - +0 flail
rCold    . . .     Gourm    .   m - +0 chain mail
rNeg     + . .     Faith    .   c - +0 shield
rPois    ∞         Spirit   .   (no helmet)
rElec    +         Reflect  .   v - +0 cloak
rCorr    .         Harm     .   s - +2 pair of gloves
MR       .....                  (no boots)
Stlth    ..........             (no amulet)
Regen    0.2/turn               b - +5 ring of dexterity
                                p - ring of protection from fire

@: mighty
A: negative energy resistance 1, electricity resistance, unbreathing,
petrification resistance, rot immunity, AC +4
a: no special abilities


You were on level 4 of the Dungeon.
You were not hungry.

You visited 1 branch of the dungeon, and saw 4 of its levels.

You collected 226 gold pieces.

Inventory:

Hand Weapons
 a - a +0 flail (weapon)
Armour
 c - a +0 shield (worn)
 m - a +0 chain mail (worn)
 n - a +2 ring mail of cold resistance
 s - a +2 pair of gloves (worn)
 v - a +0 cloak (worn)
Jewellery
 b - a +5 ring of dexterity (right hand)
 p - a ring of protection from fire (left hand)
Wands
 t - a wand of digging (17/24)
Scrolls
 h - 3 scrolls of remove curse {@r2}
 o - a scroll of identify {@r1}
 q - a scroll of blinking {@r7}
 r - a scroll of teleportation {unknown}
 u - a scroll of fog {unknown}
 w - a scroll of magic mapping
Potions
 e - a potion of flight
 i - a potion of brilliance
 j - 3 potions of curing {@q2}
 l - a potion of invisibility
Comestibles
 f - 4 bread rations {@e1}
 g - 2 chunks of flesh
 k - 2 royal jellies {=g@e3}


   Skills:
 - Level 6.1 Fighting
 * Level 3.4 Maces & Flails
 - Level 3.2 Armour
 - Level 3.2 Shields


You had 4 spell levels left.
You didn't know any spells.

Dungeon Overview and Level Annotations

Branches:
Dungeon (4/15)
 Temple: D:4-7

Altars:
Fedhas
Xom


Innate Abilities, Weirdness & Mutations

You are resistant to torment.
Your stone body is resilient. (AC +4)
You are immune to poison.
You resist negative energy. (rN+)
You are resistant to electric shocks. (rElec)
You can survive without breathing.
You are immune to petrification.
You are immune to rotting.


Message History

You hit the hound.
The hound is moderately wounded.
You block the hound's attack. The hound bites you but does no damage.
You closely miss the hound.
The hound is moderately wounded.
You block the hound's attack. x2
An orc comes into view. It is wielding a dagger of protection.
The orc shouts!
You sock the hound!
You kill the hound!
You block the ogre's attack.
You barely miss the ogre.
The orc priest looks braver for a moment.
The ogre hits you with a giant club!!
Ouch! That really hurt!
* * * LOW HITPOINT WARNING * * *
You feel very mighty all of a sudden.
The orc priest mumbles some strange prayers to Beogh against you.
Beogh smites you!
You die...

#.≈≈≈≈≈≈..# ..≈≈≈≈≈≈..# [.
..≈P≈≈≈≈..# #.. .≈.P≈≈≈.≈.#
#.# ..P≈≈≈≈≈..# #.##
..≈≈≈≈≈≈..# ... ..≈≈≈≈≈...#
#.#
≈≈P≈≈≈≈...##########.######
.≈≈≈≈≈P.........@Ooo......#
≈≈≈≈≈.P...###.######.####.#.#
≈≈≈≈P≈≈...# #.# ##.....o..#
≈≈≈≈≈...### #.# #.....=...#
≈≈≈≈...## #.# #.#####.#.#
≈≈≈≈..## #.# #. # ≈≈....#
#.#####.##
≈.....#######.........
≈.............#####.##


You could see an ogre, an orc priest and an orc.

Vanquished Creatures
  A hound (D:4)
  3 worker ants (D:4)
  A hound zombie (D:4)
  An adder (D:3)
  An ooze (D:1)
  3 worms (D:3)
  3 dart slugs
  2 leopard geckos
  5 orcs
  4 bats
  2 giant cockroaches
  4 goblins
  A hobgoblin (D:2)
  7 kobolds
  2 quokkas
  3 ball pythons
  3 frilled lizards
  8 rats
54 creatures vanquished.

Notes
Turn   | Place    | Note
-------+----------+-------------------------------------------
     0 | D:1      | HarryHood the Gargoyle Fighter began the quest for the Orb.
     0 | D:1      | Reached XP level 1. HP: 14/14 MP: 1/1
    58 | D:1      | Reached XP level 2. HP: 20/20 MP: 2/2
   121 | D:1      | Reached skill level 4 in Fighting
   775 | D:2      | Reached XP level 3. HP: 24/24 MP: 3/3
   851 | D:2      | Found a shimmering altar of Xom.
  1222 | D:3      | Found a blossoming altar of Fedhas.
  1273 | D:3      | Reached skill level 5 in Fighting
  1533 | D:3      | Reached XP level 4. HP: 31/31 MP: 4/4
  2078 | D:4      | Reached skill level 6 in Fighting
  2078 | D:4      | Reached XP level 5. HP: 23/36 MP: 5/5
  2206 | D:4      | Reached skill level 3 in Maces & Flails
  2214 | D:4      | Noticed an ogre
  2226 | D:4      | Killed from afar by an orc priest

Vault maps used:
D:1:      onia_arrival_handbag, minmay_tetromino_o4
D:2:      xom_teletrap_fun, first_bread
D:3:      kennysheep_big_flooded_room, old_standard_altar
D:4:      chequers_big_river

Skill      XL: |  1  2  3  4  5 |
---------------+----------------+-----
Fighting       | 4 5 6 |  6.1
Maces & Flails | 3 |  3.4
Armour         | |  3.2
Shields        | |  3.2

Action                   |  1- 3 |  4- 6 || total
-------------------------+-------+-------++-------
Melee: Flail             |   141 |    64 ||   205
  Use: Scroll            |    10 |       ||    10
       Potion            |       |     1 ||     1
  Eat: Chunk             |     2 |     3 ||     5
Armor: Scale mail        |    55 |       ||    55
       Chain mail        |    11 |    30 ||    41
Dodge: Dodged            |    39 |    23 ||    62
Block: Shield            |    61 |    44 ||   105
